 Dungeon Crawl Stone Soup version 0.28-a0-906-g0406aca7d3 (webtiles) character file.

Game seed: 5971418475630188129

2 Zonian the Poker (level 1, 0/16 HPs)
             Began as a Demonspawn Gladiator on Nov 24, 2021.
             Slain by a kobold (2 damage)
             ... on level 1 of the Dungeon.
             The game lasted 00:00:10 (61 turns).

Zonian the Poker (Demonspawn Gladiator)               Turns: 61, Time: 00:00:11

Health: 0/16       AC:  4    Str: 14    XL:     1   Next: 33%
Magic:  1/1        EV: 12    Int:  9    God:
Gold:   0          SH:  0    Dex: 14    Spells: 0/0 levels left

rFire   . . .      SeeInvis .   a - +0 trident
rCold   . . .      Faith    .   (no shield)
rNeg    . . .      Spirit   .   b - +0 leather armour
rPois   .          Reflect  .   c - +0 helmet
rElec   .          Harm     .   (no cloak)
rCorr   .          Rampage  .   (no gloves)
Will    .....                   (no boots)
Stlth   +.........              (no amulet)
HPRegen 0.05/turn               (no ring)
MPRegen 0.07/turn               (no ring)

@: no status effects
A: no striking features
a: no special abilities


You were on level 1 of the Dungeon.
You visited 1 branch of the dungeon, and saw 1 of its levels.

Inventory:

Hand Weapons
 a - a +0 trident (weapon)
Missiles
 d - 3 throwing nets (quivered)
Armour
 b - a +0 leather armour (worn)
 c - a +0 helmet (worn)


   Skills:
 + Level 2.0 Fighting
 + Level 2.8 Polearms
 + Level 1.7 Throwing
 + Level 2.7 Dodging


You couldn't memorise any spells.
You didn't know any spells.
Your spell library was empty.

Dungeon Overview and Level Annotations

Branches:
Dungeon (1/15)

Altars:


Message History

Unknown command.
A hobgoblin and a kobold come into view.
The kobold shouts!
There are monsters nearby!
Unknown command.
The hobgoblin shouts!
The kobold throws a stone.
The stone hits you but does no damage.
The kobold throws a stone.
The stone closely misses you.
You closely miss the hobgoblin. The hobgoblin hits you.
You closely miss the hobgoblin. The kobold closely misses you.
The hobgoblin misses you. The kobold hits you but does no damage.
Unknown command.
You closely miss the hobgoblin. The hobgoblin hits you.
The kobold hits you with a +0 club.
You are too injured to fight recklessly!
You are too injured to fight recklessly!
You are too injured to fight recklessly!
Unknown command.
You barely miss the hobgoblin. The hobgoblin closely misses you.
The kobold hits you with a +0 club. The hobgoblin closely misses you.
Unknown command.
You closely miss the hobgoblin. The kobold barely misses you.
The hobgoblin closely misses you.
You closely miss the hobgoblin. The kobold hits you but does no damage.
The hobgoblin hits you but does no damage.
Unknown command.
You hit the hobgoblin.
The hobgoblin is almost dead.
The kobold hits you but does no damage. The hobgoblin barely misses you.
You hit the hobgoblin.
You kill the hobgoblin!
The kobold hits you with a +0 club.
* * * LOW HITPOINT WARNING * * *
Unknown command.
You closely miss the kobold. The kobold closely misses you.
The kobold hits you but does no damage.
You barely miss the kobold. The kobold barely misses you.
You closely miss the kobold. The kobold hits you but does no damage.
You hit the kobold but do no damage. The kobold hits you with a +0 club.
You die...

### ..... ..... #. #..
.....#....# ... ##
..⌠...#...##..# # #.
.....#.......# .## ##.
#....#...#..##..# #.#
#....#...##..#.#.##.#
###.†...#..#...#..#.#.
#.8..@...##......##.##
+...K........##..#.##.
+......##..#..#...#.##
#.8.........#...#..#..
###...#...#.......#.##
#..##...###...##...#
#..#...#....#....##.#
.^.....)##.....##...##
####### ############


You could see a kobold.

Vanquished Creatures
  A bat (D:1)
  A hobgoblin (D:1)
2 creatures vanquished.

Notes
Turn   | Place    | Note
-------+----------+-------------------------------------------
     0 | D:1      | Zonian the Demonspawn Gladiator began the quest for the
                  | Orb.
     0 | D:1      | Reached XP level 1. HP: 16/16 MP: 1/1
    61 | D:1      | Slain by a kobold

Illustrated notes

Levels and vault maps discovered:
D:1:      erik_arrival_cave_to_civilisation [erik_arrival_cave_to_temple],
          layout_loops_ring, minmay_tree_intersection

Action                   || total
-------------------------++-------
Melee: Trident           ||    16
Armor: Leather armour    ||     9
Dodge: Dodged            ||    14

Table legend: (Time is in decaauts)
 A = Elapsed time spent in this place.
 B = Non-inter-level travel time spent in this place.
 C = Inter-level travel time spent in this place.
 D = Time resting spent in this place.
 E = Time spent auto-exploring this place.
 F = Levels seen in this place.
 G = Mean time per level.
                   A        B        C        D        E       F      G
               +--------+--------+--------+--------+--------+-----+--------+
         Total |     63 |     63 |      0 |      0 |     40 |   1 |   63.0 |
       Dungeon |     63 |     63 |      0 |      0 |     40 |   1 |   63.0 |
               +--------+--------+--------+--------+--------+-----+--------+

Top non-repeatable levels by time:
     D:1: 63 daAuts
